 Dungeon Crawl Stone Soup version 0.28-a0-909-g796cbd3a86 (webtiles) character file.

Game seed: 16816627895202385738

226 croobank the Insei (level 6, -1/38 HPs)
             Began as an Octopode Transmuter on Nov 24, 2021.
             Killed from afar by an orc wizard (8 damage)
             ... with a puff of flame
             ... on level 3 of the Dungeon.
             The game lasted 00:17:11 (2733 turns).

croobank the Insei (Octopode Transmuter)            Turns: 2733, Time: 00:17:12

Health: -1/38      AC:  1    Str: 15    XL:     6   Next: 1%
Magic:  9/10       EV: 14    Int: 16    God:
Gold:   58         SH:  0    Dex: 20    Spells: 3/10 levels left

rFire   . . .      SeeInvis .   q - +1 demon trident
rCold   . . .      Faith    .   (no shield)
rNeg    . . .      Spirit   .   (helmet restricted)
rPois   .          Reflect  .   (no amulet)
rElec   .          Harm     .   d - +6 ring of strength
rCorr   .          Rampage  .   g - +6 ring of dexterity
Will    .....                   (no ring)
Stlth   +++.......              (no ring)
HPRegen 0.12/turn               (no ring)
MPRegen 0.12/turn               (no ring)
                                (no ring)
                                (no ring)

@: weak-willed, wereblooded (expiring)
A: almost no armour, amphibious, 8 rings, camouflage 1, gelatinous body 1,
(nimble swimmer 1), tentacles
a: no special abilities


You were on level 3 of the Dungeon.
You visited 1 branch of the dungeon, and saw 3 of its levels.

You collected 58 gold pieces.

Inventory:

Hand Weapons
 b - a +2 dagger of holy wrath
 h - a +0 short sword
 k - a +2 dagger of venom
 o - a +1 short sword of draining
 q - a +1 demon trident (weapon)
Missiles
 a - 92 stones
Armour
 p - a +0 tower shield of poison resistance
Jewellery
 d - a +6 ring of strength (left tentacle)
 g - a +6 ring of dexterity (right tentacle)
 n - a +6 ring of strength
Scrolls
 j - a scroll of amnesia
 l - a scroll of silence
 r - a scroll of teleportation {unknown}
Potions
 c - 2 potions of attraction
 i - a potion of berserk rage


   Skills:
 + Level 1.2 Fighting
 - Level 0.8 Short Blades
 * Level 1.6 Polearms
 + Level 2.2 Dodging
 + Level 2.3 Stealth
 * Level 1.2 Shields
 + Level 3.6 Unarmed Combat
 + Level 2.9 Spellcasting
 * Level 2.0 Hexes
 + Level 2.6 Transmutations


You had 3 spell levels left.
You knew the following spells:

 Your Spells              Type           Power      Damage    Failure   Level
a - Beastly Appendage     Tmut           20%        N/A       6%          1
b - Wereblood             Tmut           10%        N/A       10%         2
c - Slow                  Hex            32%        N/A       9%          1
d - Spider Form           Tmut/Pois      6%         N/A       32%         3

Your spell library contained the following spells:

 Spells                   Type           Power      Damage    Failure   Level
 Confusing Touch          Hex            8%         N/A       24%         3
 Stone Arrow              Conj/Erth      4%         3d7       50%         3
 Vampiric Draining        Necr           2%         2d6       50%         3
 Ice Form                 Ice/Tmut       6%         N/A       73%         4
 Lehudib's Crystal Spear  Conj/Erth      1%         10d2      100%        8
 Animate Armour           Summ/Erth      Unusable   N/A       N/A         4

Dungeon Overview and Level Annotations

Branches:
Dungeon (3/15)

Altars:

Shops:
D:2 *


Innate Abilities, Weirdness & Mutations

You cannot wear most types of armour.
You are amphibious.
You can wear up to eight rings at the same time.
Your skin changes colour to match your surroundings (Stealth+).
Your rubbery body absorbs attacks. (AC +1, EV +1)
((You are camouflaged near water. (Stealth+)))
You have tentacles for arms and can constrict up to eight enemies at once.


Message History

Aim: a goblin, wielding a +0 dagger (severely wounded, chance to affect: 61%)
Okay, then.
Okay, then.
As you read the scroll labelled REGUID TUCHOC, it crumbles to dust.
Magic quickly surges around you.
It was a scroll of vulnerability.
Your tentacle spike disappears.
The orc hits you with a +2 dagger of venom.
* * * LOW HITPOINT WARNING * * *
The goblin hits you with a +0 dagger.
* * * LOW HITPOINT WARNING * * *
Okay, then.
You howl as the wereblood boils in your veins!
You puncture the orc!
You feel a bit better.
You kill the orc!
The goblin barely misses you.
You barely miss the orc. You grab the orc. You squeeze the orc.
The orc is almost dead.
Your primal bloodlust is almost over.
You constrict the orc, but do no damage.
The goblin barely misses you. The orc barely misses you.
You puncture the orc!
You feel a bit better.
You kill the orc!
The goblin hits you with a +0 dagger.
* * * LOW HITPOINT WARNING * * *
You have reached level 6!
Your experience leads to an increase in your attributes!
Your base attributes are Str 9, Int 15, Dex 14.
Increase (S)trength, (I)ntelligence, or (D)exterity?
You feel clever.
You can't go up here!
The goblin hits you with a +0 dagger.
* * * LOW HITPOINT WARNING * * *
There is a stone staircase leading up here.
Items here: )) ††.
You puncture the goblin!
You feel a bit better.
You kill the goblin!
You hear some strange, mumbled words.
A puff of flame appears from out of thin air!
The puff of flame hits you!
You die...

#.##.####......# #
#.#.####....#.....
#.#...
#.....#.....
##.#...####....# .
.....#..###..##
###..#.#.##.##
#...###{.##
#)...#)###
#...†###@.# #.....
#..# ....... #..#
##..... #..#
##.... ...# ##.#.
###.# .... #.# #.#


There were no monsters in sight!

Vanquished Creatures
  A bullfrog (D:3)
  A scorpion zombie (D:3)
  A hound skeleton (D:3)
  An adder (D:3)
  3 gnolls (D:3)
  A worm (D:2)
  4 dart slugs
  5 orcs (D:3)
  4 ball pythons
  7 bats
  5 endoplasms
  A giant cockroach (D:1)
  4 hobgoblins
  2 jackals (D:1)
  3 quokkas
  2 frilled lizards (D:1)
  11 goblins
  6 kobolds
  8 rats
70 creatures vanquished.

Notes
Turn   | Place    | Note
-------+----------+-------------------------------------------
     0 | D:1      | croobank the Octopode Transmuter began the quest for the
                  | Orb.
     0 | D:1      | Reached XP level 1. HP: 13/13 MP: 3/3
   120 | D:1      | Reached XP level 2. HP: 13/18 MP: 3/5
   475 | D:1      | Learned a level 2 spell: Wereblood
   542 | D:1      | Reached XP level 3. HP: 16/23 MP: 4/6
   780 | D:1      | Learned a level 1 spell: Slow
   787 | D:1      | Reached skill level 1 in Stealth
  1426 | D:2      | Found Godoc's Assorted Antiques.
  1581 | D:2      | Learned a level 3 spell: Spider Form
  1605 | D:2      | Reached XP level 4. HP: 26/26 MP: 5/7
  1814 | D:2      | Reached skill level 1 in Hexes
  2285 | D:3      | Noticed a bullfrog
  2295 | D:3      | Killed a bullfrog
  2296 | D:3      | Reached skill level 1 in Shields
  2296 | D:3      | Reached XP level 5. HP: 14/33 MP: 5/9
  2495 | D:3      | Reached skill level 1 in Polearms
  2721 | D:3      | HP: 1/33 [goblin (1)]
  2731 | D:3      | Reached XP level 6. HP: 5/38 MP: 8/10
  2733 | D:3      | Killed from afar by an orc wizard

Illustrated notes

Levels and vault maps discovered:
D:1:      minmay_arrival_stair_chambers, layout_basic, minmay_misc_feat_five,
          minmay_ruptured
D:2:      layout_loops_ring, serial_shops, shop, chequers_decorated_corner,
          grunt_ministairs_9
D:3:      layout_loops_ring, uniq_crazy_yiuf_cottage

Skill      XL: |  1  2  3  4  5 |
---------------+----------------+-----
Stealth        | 1 2 |  2.3
Hexes          | 1 2 |  2.0
Shields        | 1 |  1.2
Polearms       | 1 |  1.6
Fighting       | |  1.2
Short Blades   | |  0.8
Dodging        | |  2.2
Unarmed Combat | |  3.6
Spellcasting   | |  2.9
Transmutations | |  2.6

Action                   |  1- 3 |  4- 6 || total
-------------------------+-------+-------++-------
Melee: Dagger            |    53 |       ||    53
       Kick              |    18 |     4 ||    22
       Constrict         |    22 |    12 ||    34
       Tentacles         |    16 |    11 ||    27
       Unarmed           |     2 |       ||     2
       Short sword       |    11 |     6 ||    17
       Punch             |     1 |     1 ||     2
       Demon trident     |       |    35 ||    35
 Cast: Beastly Appendage |    25 |     7 ||    32
       Wereblood         |       |     5 ||     5
  Use: Scroll            |     2 |     5 ||     7
       Potion            |       |     1 ||     1
 Stab: Sleeping          |    12 |     5 ||    17
Armor: Skin              |     5 |     2 ||     7
Dodge: Dodged            |    38 |    37 ||    75

Table legend: (Time is in decaauts)
 A = Elapsed time spent in this place.
 B = Non-inter-level travel time spent in this place.
 C = Inter-level travel time spent in this place.
 D = Time resting spent in this place.
 E = Time spent auto-exploring this place.
 F = Levels seen in this place.
 G = Mean time per level.
                   A        B        C        D        E       F      G
               +--------+--------+--------+--------+--------+-----+--------+
         Total |   2751 |   2689 |     62 |    104 |   1962 |   3 |  917.0 |
       Dungeon |   2751 |   2689 |     62 |    104 |   1962 |   3 |  917.0 |
               +--------+--------+--------+--------+--------+-----+--------+

Top non-repeatable levels by time:
     D:1: 1305 daAuts
     D:2: 787 daAuts
     D:3: 658 daAuts
